 Dungeon Crawl Stone Soup version 0.28.0 (webtiles) character file.

Game seed: 16165889161510612349

81 Buxparty the Skirmisher (level 4, -2/35 HPs)
             Began as a Demonspawn Abyssal Knight on Feb 4, 2022.
             Was a Follower of Lugonu.
             Slain by a black bear (5 damage)
             ... on level 5 of the Dungeon.
             The game lasted 00:03:43 (1755 turns).

Buxparty the Skirmisher (Demonspawn Abyssal Knight) Turns: 1755, Time: 00:03:44

Health: -2/35      AC:  8    Str: 15    XL:     4   Next: 19%
Magic:  6/6        EV: 11    Int: 11    God:    Lugonu [*.....]
Gold:   71         SH:  0    Dex: 14    Spells: 3/3 levels left

rFire   . . .      SeeInvis .   a - +1 falchion
rCold   . . .      Faith    .   (no shield)
rNeg    . . .      Spirit   .   b - +0 leather armour
rPois   .          Reflect  .   d - +2 hat
rElec   .          Harm     .   (no cloak)
rCorr   .          Rampage  .   c - +0 pair of gloves
Will    .....                   (no boots)
Stlth   +.........              (no amulet)
HPRegen 0.11/turn               (no ring)
MPRegen 0.20/turn               (no ring)

@: attractive
A: thin metallic scales 1, demonic guardian 1, magic regeneration
a: Renounce Religion, Depart the Abyss


You were on level 5 of the Dungeon.
You worshipped Lugonu.
Lugonu was aware of your devotion.
You visited 1 branch of the dungeon, and saw 4 of its levels.
You visited the Abyss 1 time.

You collected 71 gold pieces.

Inventory:

Hand Weapons
 a - a +1 falchion (weapon)
 h - a +0 hunting sling
Armour
 b - a +0 leather armour (worn)
 c - a +0 pair of gloves (worn)
 d - a +2 hat (worn)
Scrolls
 e - a scroll of identify {unknown}
 f - a scroll of silence {unknown}
 g - a scroll of brand weapon {unknown}
 j - a scroll of magic mapping {unknown}
 l - a scroll of blinking {unknown}
Potions
 k - a potion of degeneration {unknown}


   Skills:
 + Level 3.4 Fighting
 + Level 2.4 Long Blades
 + Level 2.3 Armour
 + Level 1.7 Dodging
 + Level 3.3 Invocations


You had 3 spell levels left.
You didn't know any spells.
Your spell library contained the following spells:

 Spells                   Type           Power      Damage    Failure   Level
 Apportation              Tloc           0%         N/A       41%         1
 Alistair's Intoxication  Tmut/Pois      0%         N/A       100%        5


Dungeon Overview and Level Annotations

Branches:
Dungeon (3/15)

Altars:

Annotations:
D:3 Ijyb


Innate Abilities, Weirdness & Mutations

You are partially covered in thin metallic scales. (AC +2)
A weak demonic guardian rushes to your aid.
You regenerate magic rapidly.


Message History

You slash the black bear!
The black bear is heavily wounded.
The black bear closely misses you. The black bear claws you.
The black bear barely misses you.
You slash the black bear!
The black bear is severely wounded.
The black bear bites you but does no damage.
The black bear claws you but does no damage. x2
You closely miss the black bear.
The black bear is severely wounded.
The black bear bites you. The black bear closely misses you. x2
The black bear bites you but does no damage.
The black bear claws you but does no damage.
The black bear misses you.
You hit the black bear.
The black bear is severely wounded.
The black bear barely misses you.
The black bear claws you but does no damage. x2
You hit the black bear.
The black bear is almost dead.
The black bear goes berserk!
You hit the black bear.
The black bear is almost dead.
The black bear bites you but does no damage.
The black bear claws you but does no damage.
The black bear claws you.
* * * LOW HITPOINT WARNING * * *
The black bear bites you but does no damage.
The black bear claws you but does no damage.
The black bear claws you.
* * * LOW HITPOINT WARNING * * *
You hit the black bear but do no damage.
The black bear is almost dead.
The black bear bites you but does no damage.
The black bear claws you but does no damage.
The black bear closely misses you.
You hit the black bear but do no damage.
The black bear is almost dead.
The black bear barely misses you. The black bear claws you.
You die...

# ##.
###...####
?...$ZZh@#
###...####
##. #


You could see a black bear (berserk), a bullfrog zombie and a water moccasin
skeleton.

Vanquished Creatures
  An iguana (D:5)
  2 adders (D:2)
  A dart slug (D:1)
  5 ball pythons
  An endoplasm (D:1)
  A giant cockroach (D:1)
  3 hobgoblins
  6 jackals (D:1)
  2 quokkas (D:1)
  4 bats (D:1)
  A frilled lizard (D:2)
  2 goblins
  3 rats (D:1)
32 creatures vanquished.

Vanquished Creatures (collateral kills)
  A worm (D:2)
1 creature vanquished.

Grand Total: 33 creatures vanquished

Notes
Turn   | Place    | Note
-------+----------+-------------------------------------------
     0 | Abyss:1  | Buxparty the Demonspawn Abyssal Knight began the quest for
                  | the Orb.
     0 | Abyss:1  | Reached XP level 1. HP: 18/18 MP: 2/2
    57 | Abyss:1  | Noticed a smoke demon
    72 | Abyss:1  | Noticed a black draconian
    73 | D:1      | Escaped the Abyss
   148 | D:1      | Reached skill level 1 in Dodging
   208 | D:1      | Reached * piety under Lugonu
   267 | D:1      | Gained mutation: You regenerate magic rapidly. [demonic
                  | ancestry]
   267 | D:1      | Reached XP level 2. HP: 22/24 MP: 4/4
   869 | D:1      | Gained mutation: A weak demonic guardian rushes to your
                  | aid. [demonic ancestry]
   869 | D:1      | Reached XP level 3. HP: 29/29 MP: 5/5
  1405 | D:2      | Found a faded altar of an unknown god.
  1736 | D:3      | Noticed Ijyb
  1736 | D:3      | You fall into a shaft and drop 2 floors!
  1736 | D:5      | Entered Level 5 of the Dungeon
  1736 | D:5      | Noticed a black bear
  1745 | D:5      | Gained mutation: You are partially covered in thin metallic
                  | scales. (AC +2) [demonic ancestry]
  1745 | D:5      | Reached XP level 4. HP: 29/35 MP: 6/6
  1755 | D:5      | Slain by a black bear

Illustrated notes

Levels and vault maps discovered:
D:1:      scummos_arrival_hexagon, layout_basic, minmay_misc_feat_hallway,
          minmay_stone_trees_small
D:2:      layout_loops_ring, dreamdust_ecumenical_altar_statues
D:3:      layout_rooms, serial_shops, shop, uniq_ijyb
D:5:      layout_cave_pools, serial_glass, glass_columns_c, glass_columns_c,
          minmay_fractal_squares_gapless_5

Skill      XL: |  1  2 |
---------------+-------+-----
Dodging        | 1 |  1.7
Armour         | 2 |  2.3
Long Blades    | 2 |  2.4
Invocations    | 3 |  3.3
Fighting       | |  3.4

Action                   |  1- 3 |  4- 6 || total
-------------------------+-------+-------++-------
Melee: Falchion          |    90 |    10 ||   100
       Punch             |     1 |       ||     1
Invok: Depart the Abyss  |     1 |       ||     1
  Use: Potion            |       |     1 ||     1
Armor: Leather armour    |    36 |    16 ||    52
Dodge: Dodged            |    56 |    10 ||    66
